Map: Blueshift LE

Players

Smileblind - Winner!

  • Race: Protoss Protoss
  • League: Silver
  • Spawn Location: 7:00

SaBoTaGe

  • Race: Terran Terran
  • League: Silver
  • Spawn Location: 1:00

VOD

Have the link to the VOD?

Description

Time

  • Played on: Jan. 16, 2019, 4:48 a.m.
  • Length: 2:53
Show
View Real Time Build Order
Export as new Build Order

Smileblind Protoss - Winner!

Build Orders:  

Get SALT Encoding   

  12  0:04  Probe  
  13  0:16  Probe  
  15  0:28  Probe  
  15  0:31  Pylon  
  15  0:49  Probe  
  16  0:51  Forge  
  16  1:01  Probe  
  17  1:08  Assimilator  
  17  1:13  Probe  
  17  1:14  Assimilator  
  18  1:21  Pylon  
  18  1:25  Probe  
  19  1:32  Gateway  
  19  1:37  Probe  
  20  1:49  Probe  
  20  1:50  Photon Cannon  
  21  1:54  Assimilator  
  21  1:59  Pylon  
  21  2:05  Photon Cannon  
  21  2:14  Photon Cannon  
  21  2:23  Photon Cannon  
  21  2:42  Photon Cannon  
  21  2:45  Photon Cannon  
  21  2:50  Photon Cannon  
Show
View Real Time Build Order
Export as new Build Order

SaBoTaGe Terran 

Build Orders:  

Get SALT Encoding   

  12  0:10  SCV  
  13  0:22  SCV  
  14  0:40  Supply Depot  
  14  1:02  Supply Depot  
  14  1:38  Barracks  
  14  1:40  Barracks  
  14  1:45  Barracks  
  14  2:30  Marine x2  
Tags
 
Add a new tag
Caveats
  • Supply blocks, unpowered buildings, or Contaminate may cause inaccurate times.
  • Supply counts are checked every 10 seconds.